 Dungeon Crawl Stone Soup version 0.31-a0-988-g08d55dae12 (webtiles) character file.

Game seed: 2532276216639254456

56 BinkBink the Trooper (level 3, 0/24 HPs)
             Began as a Gargoyle Monk on Nov 5, 2023.
             Slain by Terence
             ... wielding a +0 hand axe
              (4 damage)
             ... on level 2 of the Dungeon.
             The game lasted 00:02:03 (1030 turns).

BinkBink the Trooper (Gargoyle Monk)                Turns: 1030, Time: 00:02:04

Health: 0/24       AC:  5    Str: 16    XL:     3   Next: 95%
Magic:  3/3        EV: 12    Int: 10    God:
Gold:   125        SH:  4    Dex: 12    Spells: 2/2 levels left

rFire   . . .        a - +0 mace
rCold   . . .        j - +0 buckler
rNeg    + . .        b - +0 robe
rPois   ∞            (no helmet)
rElec   +            (no cloak)
rCorr   .            (no gloves)
SInv    .            (no boots)
Will    .....        (no amulet)
Stlth   +            (no ring)
HPRegen 0.24/turn    (no ring)
MPRegen 0.08/turn

%: no passive effects
@: no status effects
A: sickness immunity, AC +3, negative energy resistance 1, electricity
resistance, torment resistance 1, petrification resistance
a: no special abilities


You were on level 2 of the Dungeon.
You visited 1 branch of the dungeon, and saw 2 of its levels.

You collected 125 gold pieces.

Inventory:

Hand Weapons
 a - a +0 mace (weapon)
Armour
 b - a +0 robe (worn)
 d - an orb of light
 j - a +0 buckler (worn)
Jewellery
 k - a ring of wizardry
Scrolls
 c - 3 scrolls of teleportation {unknown}
 e - 3 scrolls of identify {unknown}
 f - 3 scrolls of noise {unknown}
 n - a scroll of fear {unknown}
Potions
 h - a potion of lignification {unknown}
 i - a potion of heal wounds {unknown}
 l - a potion of enlightenment {unknown}
 m - a potion of degeneration {unknown}
 o - a potion of haste {unknown}


   Skills:
 + Level 4.0 Fighting
 + Level 3.5 Maces & Flails
 + Level 2.9 Dodging
 + Level 1.0 Shields


You had 2 spell levels left.
You didn't know any spells.
Your spell library was empty.

Dungeon Overview and Level Annotations

Branches:
Dungeon (2/15)

Altars:

Shops:
D:2 ?

Annotations:
D:2 Terence


Innate Abilities, Weirdness & Mutations

You are immune to sickness and miasma.
Your stone body is resilient. (AC +3)
You are immune to poison.
You resist negative energy. (rN+)
You are resistant to electric shocks. (rElec)
You are resistant to unholy torment.
You are immune to petrification.


Message History

Terence hits you but does no damage.
You sock Terence!
Terence is moderately wounded.
Terence barely misses you.
You closely miss Terence.
Terence is moderately wounded.
Terence hits you with a +0 hand axe.
* * * LOW HITPOINT WARNING * * *
Terence closely misses you.
You feel better. Terence hits you with a +0 hand axe.
* * * LOW HITPOINT WARNING * * *
You hit Terence but do no damage.
Terence is moderately wounded.
Terence hits you with a +0 hand axe.
* * * LOW HITPOINT WARNING * * *
You hit Terence but do no damage.
Terence is moderately wounded.
Terence closely misses you.
You hit Terence but do no damage.
Terence is moderately wounded.
Terence hits you with a +0 hand axe.
* * * LOW HITPOINT WARNING * * *
You hit Terence but do no damage.
Terence is moderately wounded.
You block Terence's attack. Terence misses you.
You hit Terence.
Terence is heavily wounded.
Terence hits you with a +0 hand axe.
* * * LOW HITPOINT WARNING * * *
You hit Terence.
Terence is severely wounded.
Terence hits you with a +0 hand axe.
* * * LOW HITPOINT WARNING * * *
You barely miss Terence.
Terence is severely wounded.
Terence closely misses you.
You hit Terence but do no damage.
Terence is severely wounded.
Terence barely misses you. Terence hits you with a +0 hand axe.
You die...

.####
#....#.#...##............
##
#....#.#.#####.....######
#....'P8P..P##.#...#####
#....#####._P#####.....##
#........##....8.'.......
#.........####.#.#######.
#..........#P..#.#
########..)#'###.#
#@###.....# #@# #######
#.# #.. #.. #... #...
#....


You could see Terence.

Vanquished Creatures
  2 adders (D:2)
  2 dart slugs
  3 bats
  3 endoplasms (D:1)
  3 giant cockroaches (D:2)
  3 goblins (D:1)
  2 hobgoblins (D:2)
  2 jackals (D:1)
  A ball python (D:1)
  2 frilled lizards (D:1)
  6 kobolds
  5 rats (D:1)
34 creatures vanquished.

Notes
Turn   | Place    | Note
-------+----------+-------------------------------------------
     0 | D:1      | BinkBink the Gargoyle Monk began the quest for the Orb.
     0 | D:1      | Reached XP level 1. HP: 14/14 MP: 1/1
    77 | D:1      | Reached XP level 2. HP: 17/19 MP: 2/2
   479 | D:2      | Reached XP level 3. HP: 24/24 MP: 3/3
   744 | D:2      | Found Kuhigaq's Magic Scroll Shop.
   773 | D:2      | Reached skill level 4 in Fighting
   958 | D:2      | Found a faded altar of an unknown god.
   976 | D:2      | Reached skill level 1 in Shields
  1008 | D:2      | Noticed Terence
  1030 | D:2      | Slain by Terence

Illustrated notes

Levels and vault maps discovered:
D:1:      reono_arrival_forest_river, layout_rooms
D:2:      layout_basic, serial_shops, shop_scrolls,
          shapermc_ecumenical_altar_ellora, uniq_robin, uniq_terence

Skill      XL: |  1  2  3 |
---------------+----------+-----
Fighting       | 4 |  4.0
Shields        | 1 |  1.0
Maces & Flails | |  3.5
Dodging        | |  2.9

Action                     || total
---------------------------++-------
  Melee: Mace              ||   139
    Use: Potion            ||     3
 Armour: Robe              ||   113
  Dodge: Dodged            ||   134
  Block: Buckler           ||    19

Table legend: (Time is in decaauts)
 A = Elapsed time spent in this place.
 B = Non-inter-level travel time spent in this place.
 C = Inter-level travel time spent in this place.
 D = Time resting spent in this place.
 E = Time spent auto-exploring this place.
 F = Levels seen in this place.
 G = Mean time per level.
                   A        B        C        D        E       F      G
               +--------+--------+--------+--------+--------+-----+--------+
         Total |   1068 |   1051 |     17 |     65 |    666 |   2 |  534.0 |
       Dungeon |   1068 |   1051 |     17 |     65 |    666 |   2 |  534.0 |
               +--------+--------+--------+--------+--------+-----+--------+

Top non-repeatable levels by time:
     D:2: 589 daAuts
     D:1: 478 daAuts
